 Dungeon Crawl Stone Soup version 0.28-a0-206-gc2c9e32840 (webtiles) character file.

Game seed: 2685143524203438187

3003 bande the Chopper (level 9, -11/55 HPs)
             Began as a Gargoyle Fighter on Aug 20, 2021.
             Was a Believer of Okawaru.
             Mangled by a komodo dragon (23 damage)
             ... on level 7 of the Dungeon.
             The game lasted 00:20:01 (11026 turns).

bande the Chopper (Gargoyle Fighter)               Turns: 11026, Time: 00:20:02

Health: -11/55     AC: 16    Str: 22    XL:     9   Next: 84%
Magic:  12/12      EV:  6    Int:  9    God:    Okawaru [**....]
Gold:   2218       SH: 15    Dex: 10    Spells: 8/8 levels left

rFire   + . .      SeeInvis .   a - +0 war axe
rCold   . . .      Faith    .   c - +1 kite shield
rNeg    + . .      Spirit   .   e - +0 chain mail {rF+}
rPois   ∞          Reflect  +   (no helmet)
rElec   +          Harm     .   (no cloak)
rCorr   .          Rampage  .   (no gloves)
Will    .....                   (no boots)
Stlth   ..........              n - amulet of reflection
HPRegen 0.18/turn               (no ring)
MPRegen 0.13/turn               (no ring)

@: no status effects
A: sickness immunity, AC +6, negative energy resistance 1, electricity
resistance, torment resistance 1, petrification resistance
a: Renounce Religion, Heroism


You were on level 7 of the Dungeon.
You worshipped Okawaru.
Okawaru was pleased with you.
You visited 2 branches of the dungeon, and saw 8 of its levels.

You collected 2218 gold pieces.

Inventory:

Hand Weapons
 a - a +0 war axe (weapon)
 g - a +0 mace of protection
 o - a +0 war axe
Armour
 c - a +1 kite shield (worn)
 e - a +0 chain mail of fire resistance (worn)
Jewellery
 n - an amulet of reflection (around neck)
Wands
 f - a wand of paralysis (9)
Scrolls
 l - 2 scrolls of teleportation
 p - a scroll of enchant armour
 q - a scroll of identify
 r - a scroll of holy word {unknown}
Potions
 b - a potion of brilliance
 d - a potion of might
 h - 3 potions of haste
 i - a potion of berserk rage
 j - 2 potions of curing
 k - a potion of heal wounds {unknown}
 m - a potion of degeneration {unknown}


   Skills:
 + Level 6.0 Fighting
 + Level 7.2 Axes
 + Level 6.9 Armour
 - Level 0.6 Dodging
 + Level 6.6 Shields
 * Level 4.4 Invocations
 * Level 3.7 Evocations


You had 8 spell levels left.
You didn't know any spells.
Your spell library was empty.

Dungeon Overview and Level Annotations

Branches:
Dungeon (7/15)             Temple (1/1) D:4

Altars:
Ashenzari
Cheibriados
Dithmenos
Elyvilon
Fedhas
Gozag
Kikubaaqudgha
Makhleb
Nemelex Xobeh
Okawaru
Qazlal
Ru
Sif Muna
Trog
Uskayaw
Vehumet
Wu Jian
Yredelemnul

Shops:
D:6 =

Annotations:
D:7 4 runed translucent doors, Prince Ribbit


Innate Abilities, Weirdness & Mutations

You are immune to sickness and miasma.
Your stone body is resilient. (AC +6)
You are immune to poison.
You resist negative energy. (rN+)
You are resistant to electric shocks. (rElec)
You are resistant to unholy torment.
You are immune to petrification.


Message History

The sky beast is almost dead.
A komodo dragon comes into view.
You block the sky beast's attack.
You slash the sky beast!
You kill the sky beast!
Okawaru accepts your kill.
You hit the komodo dragon.
The komodo dragon is lightly wounded.
You block the komodo dragon's attack. The komodo dragon bites you!
You are too injured to fight recklessly!
You are too injured to fight recklessly!
You are too injured to fight recklessly!
You are too injured to fight recklessly!
You are too injured to fight recklessly!
You are too injured to fight recklessly!
You are too injured to fight recklessly!
You are too injured to fight recklessly!
You are too injured to fight recklessly!
You are too injured to fight recklessly!
You are too injured to fight recklessly!
You are too injured to fight recklessly!
You closely miss the komodo dragon.
The komodo dragon is lightly wounded.
The komodo dragon bites you.
You slash the komodo dragon!
The komodo dragon is moderately wounded.
You block the komodo dragon's attack.
You slash the komodo dragon!
The komodo dragon is heavily wounded.
The komodo dragon bites you but does no damage.
The komodo dragon hisses menacingly.
The komodo dragon bites you!
* * * LOW HITPOINT WARNING * * *
You barely miss the komodo dragon.
The komodo dragon is moderately wounded.
You block the komodo dragon's attack.
You hit the komodo dragon but do no damage.
The komodo dragon is moderately wounded.
The komodo dragon bites you!!
You die...

####### .. #...... ..
#...... ..## #......
...### #......
######...#####......
#.l@.##.............
#.####.#.#.######...#
#.##........#...#
##)'.##++##.....#
#####89.8##....#
#8....8#....#
#?....)#....#
#:....!#....#
#8....8#....#


You could see a komodo dragon.

Vanquished Creatures
  2 slime creatures
  Eustachio (D:5)
  A steam dragon (D:6)
  The ghost of jasper the Stinger, an amateur DsVM (D:6)
  2 water moccasins (D:5)
  Duvessa (D:4)
  A sky beast (D:7)
  A black bear (D:5)
  A centaur (D:7)
  4 ogres
  3 kobold brigands
  A bullfrog (D:7)
  4 scorpions
  Dowan (D:4)
  A wight (D:7)
  A bullfrog zombie (D:5)
  3 orc priests
  6 jellies
  2 hounds
  A bullfrog skeleton (D:6)
  An iguana (D:5)
  6 orc wizards
  A hound skeleton (D:4)
  8 adders
  A white imp (D:6)
  3 ufetubi (D:5)
  An adder skeleton (D:4)
  2 worms
  2 dart slugs
  14 orcs
  10 endoplasms
  8 goblins
  7 hobgoblins
  2 jackals (D:1)
  13 kobolds
  7 quokkas
  7 ball pythons
  A ball python skeleton (D:2)
  5 bats
  6 frilled lizards
  4 rats
147 creatures vanquished.

Vanquished Creatures (others)
  A kobold (D:7)
  7 fungi (D:6)
  8 toadstools (D:6)
16 creatures vanquished.

Grand Total: 163 creatures vanquished

Notes
Turn   | Place    | Note
-------+----------+-------------------------------------------
     0 | D:1      | bande the Gargoyle Fighter began the quest for the Orb.
     0 | D:1      | Reached XP level 1. HP: 14/14 MP: 1/1
    90 | D:1      | Reached XP level 2. HP: 13/19 MP: 2/2
   980 | D:1      | Reached skill level 2 in Axes
   980 | D:1      | Reached XP level 3. HP: 23/23 MP: 3/3
  1638 | D:2      | Reached XP level 4. HP: 27/29 MP: 4/4
  1963 | D:2      | Found a faded altar of an unknown god.
  2824 | D:3      | Found a hide-covered altar of Uskayaw.
  2868 | D:3      | Reached XP level 5. HP: 33/33 MP: 5/5
  2917 | D:3      | Found a sparkling altar of Nemelex Xobeh.
  3221 | D:3      | Reached skill level 3 in Axes
  3348 | D:4      | Noticed an ogre
  3355 | D:4      | Killed an ogre
  3630 | D:4      | Identified a scroll of acquirement
  3630 | D:4      | Acquired 1376 gold pieces
  3660 | D:4      | Reached XP level 6. HP: 5/38 MP: 6/6
  3967 | D:4      | Reached skill level 4 in Axes
  4535 | D:4      | Reached skill level 5 in Shields
  4613 | D:4      | Found a bloodstained altar of Trog.
  4613 | D:4      | Found an ornate altar of the Wu Jian Council.
  4650 | D:4      | Reached XP level 7. HP: 43/43 MP: 7/7
  4795 | D:4      | Noticed Dowan
  4796 | D:4      | Noticed Duvessa
  4796 | D:4      | Found a staircase to the Ecumenical Temple.
  4821 | D:4      | Killed Duvessa
  4822 | D:4      | Reached skill level 5 in Armour
  4822 | D:4      | Killed Dowan
  4836 | Temple   | Entered the Ecumenical Temple
  5135 | Temple   | Became a worshipper of Warmaster Okawaru
  5608 | D:4      | Found a shimmering blue altar of Sif Muna.
  5618 | D:4      | Reached skill level 5 in Axes
  5726 | D:5      | Entered Level 5 of the Dungeon
  5797 | D:5      | Reached skill level 1 in Invocations
  6275 | D:5      | Reached skill level 1 in Evocations
  6275 | D:5      | Reached XP level 8. HP: 46/48 MP: 7/9
  6346 | D:5      | Reached * piety under Okawaru
  6556 | D:5      | Noticed Eustachio
  6588 | D:5      | Killed Eustachio
  6589 | D:5      | Reached skill level 5 in Fighting
  6935 | D:5      | Found an ancient bone altar of Kikubaaqudgha.
  7481 | D:5      | Found a white marble altar of Elyvilon.
  7721 | D:6      | Found Zylap's Jewellery Shop.
  8006 | D:6      | Reached skill level 6 in Axes
  8459 | D:6      | Found a runed translucent door.
  8713 | D:6      | Reached XP level 9. HP: 46/54 MP: 11/11
  9385 | D:6      | Acquired 475 gold pieces
  9494 | D:6      | Reached ** piety under Okawaru
 10071 | D:6      | Noticed jasper's ghost (amateur DsVM)
 10087 | D:6      | Killed jasper's ghost
 10211 | D:7      | Reached skill level 7 in Axes
 10497 | D:7      | Noticed Prince Ribbit
 10521 | D:7      | Found a basalt altar of Yredelemnul.
 10523 | D:7      | Noticed a profane servitor
 10892 | D:7      | Found a large runed translucent door.
 10892 | D:7      | Found a large runed translucent door.
 10894 | D:7      | Found a large runed translucent door.
 10894 | D:7      | Found a large runed translucent door.
 10896 | D:7      | Noticed a gargoyle
 11019 | D:7      | Noticed a komodo dragon
 11026 | D:7      | Mangled by a komodo dragon

Illustrated notes

Levels and vault maps discovered:
D:1:      enne_arrival_octagon_isle, layout_basic, minmay_hedge_maze
D:2:      layout_loops_corners, chequers_ecumenical_altar_island,
          minmay_pentomino_w4
D:3:      layout_loops_corners, nicolae_overflow_crystal_walls,
          mainiacjoe_overflow_alcove_4, chequers_serial_rivers_micro_e
D:4:      layout_cave_pools, bloody_trog, kennysheep_orc_sif_temple,
          nicolae_overflow_hidden_temple, minmay_temple_entry_statues,
          hangedman_decor_opposing, minmay_misc_feat_secret_circle, uniq_duvessa
D:5:      layout_cave_pools, kennysheep_mini, mainiacjoe_overflow_alcove_2,
          serial_co_window_serial, co_window_corner_a, co_window_cross_1,
          co_window_paths_b, co_window_corner_a, co_window_cross_1,
          co_window_paths_c, co_window_corner_b, co_window_2corner,
          co_window_corner_ca, co_window_2corner, co_window_cross_3,
          co_window_cross_2, glass_columns_a, uniq_eustachio
D:6:      cheibrodos_fertilizer, layout_cave_pools, serial_shops,
          nicolae_shop_stone, ebering_ghost_reflecting_pool
D:7:      layout_basic, grunt_temple_overflow_holy_war,
          minmay_hollow_rounded_squares, uniq_prince_ribbit1
Temple:   chequers_temple_sunken

Skill      XL: |  1  2  3  4  5  6  7  8  9 |
---------------+----------------------------+-----
Axes           | 2 3 4 5 6 7 |  7.2
Shields        | 4 5 6 |  6.6
Armour         | 4 5 6 |  6.9
Fighting       | 4 5 6 |  6.0
Invocations    | 1 3 4 |  4.4
Evocations     | 1 2 3 |  3.7
Dodging        | |  0.6

Action                   |  1- 3 |  4- 6 |  7- 9 || total
-------------------------+-------+-------+-------++-------
Melee: War axe           |   117 |   160 |   409 ||   686
  Use: Scroll            |     3 |     5 |     7 ||    15
       Potion            |       |       |     1 ||     1
Armor: Scale mail        |    13 |       |       ||    13
       Chain mail        |    69 |    97 |   302 ||   468
Dodge: Dodged            |    36 |    39 |   125 ||   200
Block: Kite shield       |    72 |    84 |   264 ||   420
       Reflection        |       |       |     5 ||     5

Table legend: (Time is in decaauts)
 A = Elapsed time spent in this place.
 B = Non-inter-level travel time spent in this place.
 C = Inter-level travel time spent in this place.
 D = Time resting spent in this place.
 E = Time spent auto-exploring this place.
 F = Levels seen in this place.
 G = Mean time per level.
                   A        B        C        D        E       F      G
               +--------+--------+--------+--------+--------+-----+--------+
         Total |  11415 |  11261 |    154 |   3947 |   5210 |   8 | 1426.9 |
       Dungeon |  10805 |  10659 |    146 |   3685 |   4980 |   7 | 1543.6 |
        Temple |    610 |    602 |      8 |    262 |    230 |   1 |  610.0 |
               +--------+--------+--------+--------+--------+-----+--------+

Top non-repeatable levels by time:
     D:5: 2673 daAuts
     D:4: 1904 daAuts
     D:6: 1837 daAuts
     D:2: 1388 daAuts
     D:1: 1257 daAuts
     D:7: 927 daAuts
     D:3: 816 daAuts
  Temple: 610 daAuts
